 Dungeon Crawl Stone Soup version 0.17-a0-1979-g1c74939 (webtiles) character file.

166 wvc the Sneak (level 5, -3/26 HPs)
             Began as a Vine Stalker Assassin on Oct 5, 2015.
             Was an Initiate of Ru.
             Slain by an iguana (6 damage)
             ... on level 3 of the Dungeon.
             The game lasted 00:04:54 (2257 turns).

wvc the Sneak (Vine Stalker Assassin)               Turns: 2257, Time: 00:04:54

Health: -3/26      AC:  5    Str: 13    XL:     5   Next: 47%
Magic:  0/6        EV: 13    Int: 11    God:    Ru [......]
Gold:   115        SH:  0    Dex: 17    Spells: 0 memorised, 4 levels left

rFire  . . .     SeeInvis .     a - +2 dagger
rCold  . . .     Clarity  .     c - +0 robe
rNeg   . . .     SustAt   .     (no shield)
rPois  .         Gourm    .     s - +0 helmet
rElec  .         Spirit   +     d - +1 cloak
rCorr  .         Warding  .     (no gloves)
rMut   .         Stasis   .     (no boots)
MR     .....                    (no amulet)
Stlth  +++.......               (no ring)
                                (no ring)

@: not resistant to hostile enchantments, fairly stealthy
A: fangs 2, regeneration 1, magic shield, antimagic bite, no device heal 3, rot
immunity
a: Renounce Religion


You were on level 3 of the Dungeon.
You worshipped Ru.
Ru was noncommittal.
You were not hungry.

You visited 1 branch of the dungeon, and saw 3 of its levels.

You collected 115 gold pieces.

Inventory:

Hand Weapons
 a - a +2 dagger (weapon)
 b - a +0 blowgun
 l - a +0 short sword
Missiles
 e - 25 poisoned needles
 f - 2 curare-tipped needles
Armour
 c - a +0 robe (worn)
 d - a +1 cloak (worn)
 s - a +0 helmet (worn)
Scrolls
 h - a scroll of enchant armour
 k - a scroll of teleportation
 m - 5 scrolls of remove curse
 n - a scroll of fog
Potions
 j - 5 potions of curing
 o - a potion of resistance
 q - a potion of flight {unknown}
 r - a potion of invisibility {unknown}
 t - a potion of lignification {unknown}
Comestibles
 g - 5 bread rations
 i - a meat ration


   Skills:
 - Level 1.7 Fighting
 * Level 4.4 Short Blades
 - Level 1.7 Throwing
 - Level 2.0 Dodging
 - Level 4.8 Stealth


You had 4 spell levels left.
You didn't know any spells.

Dungeon Overview and Level Annotations

Branches:
Dungeon (3/15)

Altars:
Ru


Innate Abilities, Weirdness & Mutations

You have extremely sharp teeth.
Your natural rate of healing is unusually fast.
When hurt, damage is shared between your health and your magic reserves.
Your bite disrupts and absorbs the magic of your enemies.
Potions and wands cannot restore your health.
You are immune to rotting.


Message History

The iguana is severely wounded.
You barely miss the iguana.
The iguana is severely wounded.
The iguana bites you.
You hit the iguana but do no damage. Your bite misses the iguana.
The iguana is severely wounded.
The iguana bites you!
You hit the iguana but do no damage.
The iguana is severely wounded.
The iguana bites you!
* * * LOW HITPOINT WARNING * * *
You are too injured to fight recklessly!
You are too injured to fight recklessly!
You are too injured to fight recklessly!
You are too injured to fight recklessly!
You hit the iguana. You bite the iguana. You drain its power.
You feel invigorated.
The iguana is severely wounded.
The iguana bites you!
You die...

..#...#..#.......#
#.....#####.. .
##...#.g......#####.##### #..
#.#..#.h.###.........# #.#
#..#..#..###.#####.#l# #.#
#...#...hh...# #.#S# #.#
..#..#...#h### #.#.# ##.#
...#..#..#.# #.#.# ##...
#......รท#g#######.#.#####....
..#####..hhl@...)............
. #...#######.#.######..#
#...........#.# #.##
#.######.(##+####..#.# #.#
.........## ##...#.# #.#
#####..## ##..#.#.# #.# ##..##
##.......# #.# ##..##
##..###.########.# #..++
+......S.l...##..##


You could see an iguana, 2 jackals and a goblin.

Vanquished Creatures
  An orc wizard (D:3)
  7 adders
  2 worms (D:2)
  3 giant geckos
  3 orcs (D:3)
  2 giant cockroaches (D:1)
  8 goblins
  9 hobgoblins
  7 jackals
  8 kobolds
  4 bats
  A giant newt (D:1)
  10 rats
65 creatures vanquished.

Notes
Turn   | Place    | Note
--------------------------------------------------------------
     0 | D:1      | wvc the Vine Stalker Assassin began the quest for the Orb.
     0 | D:1      | Reached XP level 1. HP: 11/11 MP: 2/2
    94 | D:1      | Reached XP level 2. HP: 9/15 MP: 1/3
   146 | D:1      | Reached skill level 1 in Dodging
   503 | D:1      | Reached XP level 3. HP: 18/18 MP: 4/4
   978 | D:2      | Reached XP level 4. HP: 23/23 MP: 5/5
  1120 | D:2      | Found a sacrificial altar of Ru.
  1126 | D:2      | Became a worshipper of Ru the Awakened
  1765 | D:3      | Reached XP level 5. HP: 26/26 MP: 6/6
  1855 | D:3      | HP: 1/26 [iguana (5)]
  2257 | D:3      | Slain by an iguana

Vault maps used:
D:1:      dpeg_arrival_long_road
D:2:      overflow_temple_1_default, corexii_leaking_fountain
D:3:      first_bread, minmay_misc_feat_diagonals, minivault_23,
          grunt_decor_arrowhead

Action                   |  1- 3 |  4- 6 || total
-------------------------+-------+-------++-------
Melee: Dagger            |    78 |   153 ||   231
  Use: Scroll            |       |     9 ||     9
 Stab: Sleeping          |    15 |    12 ||    27
  Eat: Chunk             |       |     3 ||     3
       Pizza             |       |     1 ||     1
